 Dungeon Crawl Stone Soup version 0.26-a0-926-g43279f1ce9 (webtiles) character file.

Game seed: 4125866851729043556

40 Descartes the Sneak (level 3, -5/17 HPs)
             Began as a Felid Wanderer on Nov 26, 2020.
             Slain by a gnoll
             ... wielding a +0 spear
              (10 damage)
             ... on level 3 of the Dungeon.
             The game lasted 00:05:14 (2320 turns).

Descartes the Sneak (Felid Wanderer)                Turns: 2320, Time: 00:05:14

Health: -5/17      AC:  1    Str:  8    XL:     3   Next: 30%
Magic:  4/4        EV: 18    Int: 16    God:
Gold:   87         SH:  0    Dex: 13    Spells: 2/2 levels left
                                        Lives:  0   Deaths: 0

rFire    . . .     SeeInvis +     - Unarmed
rCold    . . .     Faith    .   (shield unavailable)
rNeg     . . .     Spirit   .   (armour unavailable)
rPois    .         Reflect  .   (helmet unavailable)
rElec    .         Harm     .   (cloak unavailable)
rCorr    .         Rampage  .   (gloves unavailable)
MR       .....                  (boots unavailable)
Stlth    ++++......             (no amulet)
HPRegen  0.05/turn              f - ring of stealth
MPRegen  0.09/turn              (no ring)

@: quick
A: very small, no armour, no weapons or thrown items, stealth, claws 1, fangs 3,
see invisible, speed 1, shaggy fur 1, sharp paws
a: no special abilities


You were on level 3 of the Dungeon.
You visited 1 branch of the dungeon, and saw 3 of its levels.

You collected 87 gold pieces.

Inventory:

Jewellery
 f - a ring of stealth (left paw)
Scrolls
 c - 5 scrolls of identify {unknown}
 d - a scroll of magic mapping {unknown}
 e - 2 scrolls of teleportation {unknown}
 k - a scroll of immolation {unknown}
 l - a scroll of amnesia {unknown}
Potions
 a - a potion of curing
 b - a potion of lignification
 g - 4 potions of haste {unknown}
 h - a potion of invisibility {unknown}
 i - a potion of degeneration {unknown}
 j - 3 potions of heal wounds {unknown}


   Skills:
 - Level 3.0 Fighting
 + Level 3.1 Dodging
 + Level 5.1 Stealth
 + Level 2.1 Unarmed Combat
 - Level 1.1 Evocations


You had 2 spell levels left.
You didn't know any spells.
Your spell library contained the following spells:

 Spells                   Type           Power        Failure   Level
 Foxfire                  Conj/Fire      #...         26%         1
 Poisonous Vapours        Pois/Air       #.....       36%         2
 Conjure Flame            Conj/Fire      #.......     58%         3
 Mephitic Cloud           Conj/Pois/Air  #.......     58%         3
 Cause Fear               Hex            #.........   94%         4
 Freezing Cloud           Conj/Ice/Air   #.........   100%        6
 Dragon Form              Tmut           #.........   100%        7
 Dragon's Call            Summ           #.........   100%        9


Dungeon Overview and Level Annotations

Branches:
Dungeon (3/15)

Altars:
Sif Muna


Innate Abilities, Weirdness & Mutations

You cannot wear armour.
You are incapable of wielding weapons or throwing items.
Your paws allow you to move quietly. (Stealth)
You have sharp claws.
You have razor-sharp teeth.
You have supernaturally acute eyesight. (SInv)
You cover ground quickly.
You are covered in fur. (AC +1)
Your sharp claws are effective at attacking unaware monsters.


Message History

The gnoll hits you with a +0 spear.
* * * LOW HITPOINT WARNING * * *
You closely miss the gnoll.
The gnoll is lightly wounded.
The gnoll completely misses you.
You scratch the gnoll.
The gnoll is moderately wounded.
The gnoll hits you but does no damage.
You barely miss the gnoll.
The gnoll is moderately wounded.
A gnoll comes into view. It is wielding a +0 whip.
The gnoll completely misses you.
You scratch the gnoll but do no damage.
The gnoll is moderately wounded.
The gnoll misses you.
You closely miss the gnoll.
The gnoll is moderately wounded.
The gnoll hits you with a +0 spear!
Ouch! That really hurt!
You die...

#. #.# #.# #.# #
#.####.## #.#.@g..#
#.#.#g.## #
#...#...##.# # #.
#.#####... .# #.#
#..†#...####.# #.#
########## ###.#.#
###..###.#
.........#
#...####....##.##
######.#.##
##......#...#...###
#####.##..####
#####.##..........


You could see 2 gnolls.

Vanquished Creatures
  An adder (D:2)
  3 leopard geckos
  An orc (D:3)
  3 bats
  3 goblins
  3 hobgoblins
  2 jackals (D:3)
  2 ball pythons
  4 frilled lizards
  4 kobolds
  3 rats
29 creatures vanquished.

Notes
Turn   | Place    | Note
-------+----------+-------------------------------------------
     0 | D:1      | Descartes the Felid Wanderer began the quest for the Orb.
     0 | D:1      | Descartes set off with the following items: a potion of
                  | curing, a potion of lignification
     0 | D:1      | Reached XP level 1. HP: 10/10 MP: 2/2
   886 | D:1      | Reached XP level 2. HP: 13/14 MP: 3/3
  1449 | D:2      | Reached skill level 5 in Stealth
  1704 | D:2      | Found a shimmering blue altar of Sif Muna.
  1721 | D:2      | Reached XP level 3. HP: 17/17 MP: 4/4
  1984 | D:2      | Found a faded altar of an unknown god.
  2320 | D:3      | Slain by a gnoll

Illustrated notes

Levels and vault maps discovered:
D:1:      dpeg_arrival_snail, layout_loops_corners
D:2:      layout_basic, general_overflow_altar, chequers_ecumenical_altar_lobes
D:3:      layout_loops_ring

Skill      XL: |  1  2  3 |
---------------+----------+-----
Dodging        | 2 3 |  3.1
Stealth        | 5 |  5.1
Fighting       | |  3.0
Unarmed Combat | |  2.1
Evocations     | |  1.1

Action                   || total
-------------------------++-------
Melee: Unarmed           ||    68
       Punch             ||     1
       Bite              ||     1
 Stab: Sleeping          ||    17
Dodge: Dodged            ||    43

Table legend: (Time is in decaauts)
 A = Elapsed time spent in this place.
 B = Non-inter-level travel time spent in this place.
 C = Inter-level travel time spent in this place.
 D = Time resting spent in this place.
 E = Time spent auto-exploring this place.
 F = Levels seen in this place.
 G = Mean time per level.
                   A        B        C        D        E       F      G
               +--------+--------+--------+--------+--------+-----+--------+
         Total |   2013 |   1979 |     34 |      0 |   1770 |   3 |  671.0 |
       Dungeon |   2013 |   1979 |     34 |      0 |   1770 |   3 |  671.0 |
               +--------+--------+--------+--------+--------+-----+--------+

Top non-repeatable levels by time:
     D:1: 1113 daAuts
     D:2: 741 daAuts
     D:3: 159 daAuts
